Map: Lerilak Crest

Players

LilDicky - Winner!

  • Race: Terran Terran
  • League: Diamond

EEEEE

  • Race: Terran Terran

VOD

http://www.twitch.tv/tumescentpie

Description

Time

  • Played on: Nov. 25, 2015, 11:29 p.m.
  • Length: 6:40
Show
View Real Time Build Order
Export as new Build Order

LilDicky Terran - Winner!

Build Orders:  

Get SALT Encoding   

  12  0:01  SCV  
  13  0:13  SCV  
  14  0:17  Supply Depot  
  14  0:25  SCV  
  15  0:39  SCV  
  16  0:43  Barracks  
  16  0:47  Refinery  
  16  0:51  SCV  
  17  0:58  Refinery  
  17  1:03  SCV  
  18  1:17  SCV  
  19  1:29  SCV  
  19  1:30  Marine  
  19  1:31  Supply Depot  
  21  1:51  Factory  
  21  1:52  Orbital Command  
  21  2:03  Bunker  
  21  2:11  Marine  
  22  2:18  SCV  
  22  2:21  Supply Depot  
  23  2:31  SCV  
  23  2:32  Marine  
  25  2:41  Factory Tech Lab  
  25  2:48  Starport  
  25  2:51  SCV  
  26  3:01  Engineering Bay  
  26  3:03  Marine  
  27  3:09  Widow Mine  
  27  3:11  SCV  
  30  3:29  Starport Tech Lab  
  30  3:36  Banshee  
  30  3:38  Supply Depot  
  33  3:49  Marine  
  33  3:52  Widow Mine  
  36  4:04  Cloaking Field  
  36  4:06  SCV  
  37  4:20  Supply Depot  
  37  4:21  Banshee  
  40  4:28  SCV  
  41  4:38  Command Center  
  41  4:41  SCV  
  42  4:46  Factory Tech Lab  
  42  4:51  Marine  
  43  4:54  SCV  
  44  5:06  SCV  
  45  5:20  Siege Tank  
  46  5:32  Banshee, Marine  
  46  5:35  SCV  
  51  5:39  Supply Depot  
  51  5:40  Supply Depot x2  
  51  5:47  SCV  
  52  5:53  Siege Tank, Marine  
  56  5:59  SCV  
  57  6:11  Marine  
Show
View Real Time Build Order
Export as new Build Order

EEEEE Terran 

Build Orders:  

Get SALT Encoding   

  12  0:01  SCV  
  13  0:13  SCV  
  14  0:18  Supply Depot  
  15  0:28  SCV  
  15  0:40  SCV  
  16  0:42  Refinery  
  16  0:52  SCV  
  17  1:04  SCV  
  18  1:16  SCV  
  18  1:18  Barracks  
  19  1:29  SCV  
  19  1:30  Barracks  
  20  1:37  Barracks  
  20  1:41  Refinery  
  20  1:43  SCV  
  21  1:56  Supply Depot  
  22  2:05  SCV, Reaper  
  23  2:17  SCV  
  24  2:26  Reaper  
  24  2:27  Reaper  
  26  2:34  Orbital Command  
  26  2:38  Reaper  
  27  2:52  Supply Depot  
  27  2:59  Reaper x2  
  27  3:01  SCV  
  30  3:10  Reaper  
  29  3:31  Reaper x2  
  31  3:34  SCV  
  31  3:36  Engineering Bay  
  32  3:42  Reaper  
  29  4:03  SCV  
  29  4:05  Missile Turret  
  30  4:31  Command Center  
  27  4:51  Missile Turret  
  27  4:55  Factory  
  27  4:56  Factory  
  27  5:04  SCV  
  24  5:16  SCV  
  25  5:28  SCV  
  25  5:30  Missile Turret  
  26  5:41  SCV  
  27  5:53  SCV  
  27  5:55  Starport  
  27  5:58  Factory Tech Lab  
  27  6:02  Marine x2  
  27  6:03  Marine  
  30  6:05  SCV  
  29  6:20  Supply Depot  
  29  6:23  Supply Depot  
Tags
 
Add a new tag
Caveats
  • Supply blocks, unpowered buildings, or Contaminate may cause inaccurate times.
  • Supply counts are checked every 10 seconds.